 Dungeon Crawl Stone Soup version 0.30-a0-634-g8abc85282e (webtiles) character file.

Game seed: 8661934245102977327

5485 kae the Transmogrifier (level 10, 0/67 HPs)
             Began as a Demonspawn Transmuter on Jan 14, 2023.
             Was a Follower of Ru.
             Slain by a killer bee (6 damage)
             ... on level 7 of the Dungeon.
             The game lasted 00:10:42 (6870 turns).

kae the Transmogrifier (Demonspawn Transmuter)      Turns: 6870, Time: 00:10:43

Health: 0/67       AC:  6    Str: 12    XL:     10   Next: 42%
Magic:  12/20      EV: 12    Int: 21    God:    Ru [*.....]
Gold:   1893       SH:  0    Dex: 14    Spells: 7/22 levels left

rFire   . . .      SeeInvis .      - Unarmed
rCold   . . .      Faith    .    (shield currently unavailable)
rNeg    . . .      Spirit   .    a - +0 robe
rPois   .          Reflect  .    (no helmet)
rElec   .          Harm     .    (no cloak)
rCorr   .          Rampage  .    (gloves currently unavailable)
Will    .....                    (no boots)
Stlth   +                        (no amulet)
HPRegen 0.31/turn                O - +4 ring of protection
MPRegen 0.34/turn                Z - ring of wizardry

@: lethally poisoned (0 -> -18), blade hands, wereblooded
A: demonic guardian 1, magic regeneration, inability to train armour, big brain
2, weakness stinger 2
a: End Transformation, Renounce Religion


You were on level 7 of the Dungeon.
You worshipped Ru.
Ru was aware of your devotion.
You had blades for hands.
You visited 2 branches of the dungeon, and saw 8 of its levels.
You also visited: Bailey.

You collected 1968 gold pieces.
You spent 75 gold pieces at shops.


Innate Abilities, Weirdness & Mutations

You have blades for hands.
Your spellcasting is less reliable in this form.
You are incapable of wielding weapons or throwing items.
A weak demonic guardian rushes to your aid.
You regenerate magic rapidly.
You cannot train Armour skill.
You have an extremely huge brain. (Int +4)
You have a tail ending in a sharp stinger.


   Skills:
 + Level 2.2 Fighting
 + Level 2.5 Dodging
 + Level 7.1 Unarmed Combat
 + Level 6.9 Spellcasting
 * Level 9.6 Transmutations
 - Level 4.0 Ice Magic
 - Level 1.7 Poison Magic


You had 7 spell levels left.
You knew the following spells:

 Your Spells              Type           Power      Damage    Failure   Level
a - Beastly Appendage     Tmut           94%        N/A       3%          1
b - Wereblood             Tmut           47%        N/A       4%          2
c - Spider Form           Tmut/Pois      31%        N/A       10%         3
d - Ice Form              Ice/Tmut       35%        N/A       14%         4
e - Blade Hands           Tmut           23%        N/A       13%         5

Your spell library contained the following spells:

 Spells                   Type           Power      Damage    Failure   Level
 Petrify                  Tmut/Erth      27%        N/A       22%         4
 Irradiate                Conj/Tmut      13%        3d16      43%         5
 Summon Ice Beast         Ice/Summ       15%        N/A       45%         4
 Summon Mana Viper        Hex/Summ       7%         N/A       89%         5
 Monstrous Menagerie      Summ           3%         N/A       100%        7

Inventory:

Missiles
 g - 43 stones
 j - 4 poisoned darts
 k - 7 boomerangs
 m - a javelin
 p - a throwing net {=f!f}
Armour
 a - a +0 robe (worn)
Jewellery
 E - a +5 ring of evasion
   (You found it on level 5 of the Dungeon)
 O - a +4 ring of protection (left blade hand)
   (You found it on level 1 of the Dungeon)
 W - a ring of magical power
   (You found it on level 5 of the Dungeon)
 Z - a ring of wizardry (right blade hand)
   (You found it on level 3 of the Dungeon)
Wands
 d - a wand of flame (42)
   (You found it on level 3 of the Dungeon)
 l - a wand of quicksilver (16)
   (You took it off Ijyb on level 4 of the Dungeon)
 s - a wand of roots (6)
   (You found it on level 5 of the Dungeon)
Scrolls
 h - 4 scrolls of teleportation {@r4}
 n - a scroll of fog
 o - 2 scrolls of blinking {!r}
 r - 2 scrolls of fear
 t - a scroll of magic mapping {!r}
 w - a scroll of butterflies
 x - 2 scrolls of enchant weapon
Potions
 b - 2 potions of lignification {!q}
 c - a potion of resistance
 e - 3 potions of brilliance {unknown}
 f - a potion of heal wounds {@q2}
 i - 2 potions of flight {unknown}
 q - a potion of attraction {!q}
 u - a potion of curing {@q1}

Dungeon Overview and Level Annotations

Branches:
Dungeon (7/15) Zot: 26840  Temple (1/1) D:4 Zot: 5855  Bailey (visited)

Altars:
Ashenzari
Cheibriados
Dithmenos
Fedhas
Gozag
Hepliaklqana
Kikubaaqudgha
Makhleb
Okawaru
Qazlal
Ru
Trog
Uskayaw
Vehumet
Wu Jian
Xom
Yredelemnul

Shops:
D:4

*( #..... .###
...... ....
......##..## ##
...........###.##.
..................
#................
#....yy..........
##....@†.......#
.........4#.....#.
..................
....................
..............#.##..
...........))####..#
..........)))#....#
o.................#
..............##....


You could see 2 killer bees and a friendly orange demon (summoned).


Message History

A killer bee comes into view.
You howl as the wereblood boils in your veins!
The killer bee buzzes angrily.
You hear an angry buzzing noise. x2
A killer bee comes into view.
You slice the killer bee!!
You feel a bit better.
You kill the killer bee!
You howl as the wereblood boils in your veins!
You hear an angry buzzing noise.
A killer bee comes into view.
The killer bee buzzes angrily.
The killer bee barely misses you.
You slice the killer bee!!
You kill the killer bee!
You redirect the killer bee's attack!
The killer bee barely misses itself.
The killer bee closely misses you. The killer bee stings you.
You are poisoned.
The killer bee poisons you!
You slice the killer bee!!
You feel a bit better.
You kill the killer bee!
Your hands revert to their normal proportions.
You feel sick. The killer bee misses you. The killer bee barely misses you.
The killer bee stings you.
You are more poisoned.
The killer bee poisons you! 😕 HP[-2]
You take 2 damage, and now have 62/67 hp.
Casting: Wereblood (safe; 1% risk of failure)
Confirm with . or Enter, or press ? or * to list all spells.
Your hands turn into razor-sharp scythe blades.
You howl as the wereblood boils in your veins!
You feel very sick. The killer bee misses you. The killer bee stings you.
You are more poisoned.
The killer bee poisons you!
The killer bee stings you but does no damage.
The killer bee closely misses you.
The killer bee stings you but does no damage. x2 😕 HP[-7] MP[-5]
You take 7 damage, and now have 55/67 hp.
You lost 5 mp, and now have 15/20 mp.
Casting: Blade Hands (dangerous; 13% risk of failure)
Confirm with . or Enter, or press ? or * to list all spells.
You extend your transformation's duration.
You feel very sick.
The killer bee stings you but does no damage.
The killer bee stings you!
You are more poisoned.
The killer bee poisons you!
The killer bee stings you but does no damage.
The killer bee barely misses you. The killer bee misses you.
The killer bee barely misses you. 😮 HP[-10] MP[-5]
You take 10 damage, and now have 45/67 hp.
You lost 5 mp, and now have 10/20 mp.
Unknown command.
You slash the killer bee!
You howl as the wereblood boils in your veins!
You feel very sick. The killer bee closely misses you.
The killer bee stings you. x2
* * * LOW HITPOINT WARNING * * *
The killer bee completely misses you. The killer bee closely misses you.
The killer bee stings you.
* * * LOW HITPOINT WARNING * * *
😨 HP[-21] MP[+1]
You take 21 damage, and now have 24/67 hp.
MASSIVE DAMAGE!! (PAUSE)
You slice the killer bee!!
You feel a bit better.
You kill the killer bee!
You feel very sick. The killer bee stings you.
* * * LOW HITPOINT WARNING * * *
A demonic guardian appears!
The killer bee barely misses you. 😨 HP[-6]
You take 6 damage, and now have 18/67 hp.
Unknown command.
You miss the killer bee.
You feel very sick.
The killer bee stings you but does no damage.
The killer bee completely misses you. The killer bee barely misses you.
The killer bee closely misses you. 😱 HP[-2]
You take 2 damage, and now have 16/67 hp.
Unknown command.
You closely miss the killer bee.
You feel sick. The killer bee stings you.
* * * LOW HITPOINT WARNING * * *
You are lethally poisoned!
The killer bee poisons you! The killer bee stings you.
* * * LOW HITPOINT WARNING * * *
You are more poisoned.
The killer bee poisons you!
Your orange demon misses the killer bee.
The killer bee closely misses you. The killer bee misses you. 😱 HP[-5]
You take 5 damage, and now have 11/67 hp.
You closely miss the killer bee. You tail-slap the killer bee!
* * * LOW HITPOINT WARNING * * *
You feel very sick. The killer bee stings you.
You die...

Skill      XL: |  1  2  3  4  5  6  7  8  9 10 |
---------------+-------------------------------+-----
Transmutations | 2 3 4 5 7 9 |  9.6
Unarmed Combat | 3 4 5 6 7 |  7.1
Poison Magic   | 1 |  1.7
Spellcasting   | 3 4 5 6 |  6.9
Ice Magic      | 2 3 4 |  4.0
Dodging        | 2 |  2.5
Fighting       | 2 |  2.2

Action                   |  1- 3 |  4- 6 |  7- 9 | 10-12 || total
-------------------------+-------+-------+-------+-------++-------
Melee: Unarmed           |   130 |    93 |   207 |    61 ||   491
       Headbutt          |    16 |       |     1 |       ||    17
       Kick              |    26 |     4 |     1 |       ||    31
       Tailslap          |    15 |     5 |    14 |     9 ||    43
       Punch             |     1 |       |     4 |       ||     5
 Cast: Beastly Appendage |    32 |     5 |     1 |       ||    38
       Spider Form       |     1 |     6 |     3 |       ||    10
       Wereblood         |       |     5 |     3 |     2 ||    10
       Ice Form          |       |     5 |    16 |       ||    21
       Blade Hands       |       |       |     7 |    10 ||    17
Invok: Sacrifice Durabil |       |       |     1 |       ||     1
 Abil: End Transformatio |       |     1 |       |       ||     1
Evoke: Wand              |       |       |     9 |     2 ||    11
  Use: Scroll            |     8 |       |     7 |     1 ||    16
       Potion            |       |     1 |     1 |       ||     2
 Stab: Sleeping          |       |     1 |       |       ||     1
Armor: Robe              |    24 |     7 |     9 |    19 ||    59
       Skin              |       |    20 |    67 |       ||    87
Dodge: Dodged            |    85 |    83 |   101 |    45 ||   314

Levels and vault maps discovered:
D:1:      lemuel_arrival_broad_hall, layout_basic
D:2:      layout_loops_cross, minmay_misc_feat_nine_boxes
D:3:      layout_loops_ring, nzn_hepliaklqana_mist_gate, vehumet_altar_wand_db,
          serial_bayou_lagoon_a, uniq_sigmund
D:4:      cheibrodos_fertilizer, layout_rooms, eat_drink_and_be_merry_uskayaw,
          minmay_temple_entry_statues_fountains, serial_shops,
          nicolae_shop_temple_entry_statues_fountains, serial_rivers,
          chequers_serial_rivers_micro_c, chequers_serial_rivers_small_b,
          chequers_serial_rivers_large_b, chequers_serial_rivers_micro_c,
          nicolae_shop_firing_range, uniq_menkaure, uniq_ijyb, uniq_natasha
D:5:      cheibrodos_barr_body, layout_loops_cross,
          nicolae_qazlal_scattered_showers, uniq_duvessa
D:6:      layout_rooms, nemelex_diamond_rough_becter, uniq_grinder
D:7:      layout_cave_pools, enter_bailey_6
Temple:   regret_index_temple_waves

Notes
Turn   | Place    | Note
-------+----------+-------------------------------------------
     0 | D:1      | kae the Demonspawn Transmuter began the quest for the Orb.
     0 | D:1      | Reached XP level 1. HP: 15/15 MP: 3/3
     0 | D:1      | magus.rc [v1.11.3]
   107 | D:1      | Reached skill level 2 in Transmutations
   197 | D:1      | Gained mutation: You have a small tail. [demonic ancestry]
   197 | D:1      | Reached XP level 2. HP: 21/21 MP: 3/5
   488 | D:1      | Reached skill level 3 in Unarmed Combat
   497 | D:1      | Learned a level 2 spell: Wereblood
   607 | D:1      | Reached XP level 3. HP: 21/26 MP: 4/6
   629 | D:1      | Learned a level 3 spell: Spider Form
  1787 | D:3      | Noticed Sigmund
  2072 | D:3      | Found a radiant altar of Vehumet.
  2084 | D:3      | You add the spells Petrify, Irradiate and Blade Hands to
                  | your library.
  2084 | D:3      | Got the Atlas of the Shift
  2102 | D:3      | Gained mutation: You have an unusually large brain. (Int
                  | +2) [demonic ancestry]
  2102 | D:3      | Reached XP level 4. HP: 24/32 MP: 5/7
  2147 | D:3      | Reached skill level 1 in Poison Magic
  2151 | D:3      | Reached skill level 3 in Transmutations
  2235 | D:3      | Killed Sigmund
  2236 | D:3      | Reached skill level 3 in Spellcasting
  2236 | D:3      | Gained mutation: You have an extremely huge brain. (Int +4)
                  | [demonic ancestry]
  2236 | D:3      | Reached XP level 5. HP: 23/37 MP: 5/9
  2313 | D:3      | Found a hazy altar of Hepliaklqana.
  2438 | D:3      | Learned a level 4 spell: Ice Form
  2521 | D:4      | Noticed Menkaure
  2521 | D:4      | Noticed Natasha
  2586 | D:4      | Found a staircase to the Ecumenical Temple.
  2595 | Temple   | Entered the Ecumenical Temple
  2726 | Temple   | Became a worshipper of Ru the Awakened
  2777 | D:4      | Reached skill level 4 in Transmutations
  2863 | D:4      | HP: 9/37 [acid (8)]
  2872 | D:4      | Gained mutation: A weak demonic guardian rushes to your
                  | aid. [demonic ancestry]
  2872 | D:4      | Reached XP level 6. HP: 36/43 MP: 4/10
  3061 | D:4      | Reached skill level 1 in Ice Magic
  3062 | D:4      | HP: 10/51 [gnoll/+0 halberd[a gnoll bouda] (8)]
  3074 | D:4      | HP: 10/51 [gnoll/+0 halberd[a gnoll bouda] (3)]
  3401 | D:4      | Killed Menkaure
  3402 | D:4      | Reached skill level 4 in Unarmed Combat
  3402 | D:4      | Reached skill level 2 in Ice Magic
  3501 | D:4      | Found Cemiddeph's General Store.
  3502 | D:4      | Noticed Ijyb
  3511 | D:4      | Killed Ijyb
  3512 | D:4      | Reached XP level 7. HP: 45/48 MP: 3/12
  3522 | D:4      | Bought a scroll of blinking for 75 gold pieces
  3580 | D:4      | You pick up a book of Beasts and begin reading...
  3580 | D:4      | You add the spells Summon Ice Beast, Summon Mana Viper and
                  | Monstrous Menagerie to your library.
  3610 | D:4      | Found Lusoink's Firing Range.
  3617 | D:4      | Killed Natasha
  3722 | D:4      | Found a hide-covered altar of Uskayaw.
  3869 | D:4      | Noticed Natasha
  3877 | D:4      | Killed Natasha
  3881 | D:4      | Noticed Natasha
  3890 | D:4      | HP: 12/48 [Natasha/magic dart (10)]
  3891 | D:4      | Killed Natasha
  4261 | D:5      | Entered Level 5 of the Dungeon
  4270 | D:5      | Reached skill level 5 in Transmutations
  4315 | D:5      | Found a stormy altar of Qazlal.
  4440 | D:5      | Noticed Dowan
  4441 | D:5      | Noticed Duvessa
  4455 | D:5      | Killed Duvessa
  4456 | D:5      | Reached skill level 3 in Ice Magic
  4459 | D:5      | Killed Dowan
  4494 | D:5      | Reached skill level 4 in Spellcasting
  4581 | D:5      | Gained mutation: You have a tail ending in a sharp stinger.
                  | [demonic ancestry]
  4581 | D:5      | Reached XP level 8. HP: 54/54 MP: 10/14
  4657 | D:5      | Learned a level 5 spell: Blade Hands
  5034 | D:5      | Reached skill level 4 in Ice Magic
  5062 | D:5      | Reached skill level 6 in Transmutations
  5077 | D:5      | Reached skill level 5 in Unarmed Combat
  5083 | D:5      | Reached skill level 5 in Spellcasting
  5178 | D:5      | Reached skill level 7 in Transmutations
  5224 | D:5      | HP: 13/54 [poisoned by a water moccasin]
  5224 | D:5      | HP: 6/54 [water moccasin (7)]
  5229 | D:5      | Reached XP level 9. HP: 23/59 MP: 11/16
  5231 | D:5      | HP: 13/59 [iguana (8)]
  5485 | D:5      | Identified a scroll of acquirement
  5485 | D:5      | Acquired 803 gold pieces
  5593 | D:6      | You fall into a shaft and drop 1 floor!
  5613 | D:7      | Found a flagged portal.
  5621 | D:7      | Noticed a two-headed ogre
  5627 | D:7      | HP: 13/59 [two-headed ogre/+0 giant club (23)]
  5629 | D:7      | Killed a two-headed ogre
  5630 | D:7      | Reached skill level 6 in Unarmed Combat
  5630 | D:7      | Reached skill level 8 in Transmutations
  5632 | D:7      | HP: 17/70 [water moccasin (1)]
  5639 | D:7      | Reached skill level 6 in Spellcasting
  5696 | D:7      | Gained mutation: You cannot train Armour skill. [Ru
                  | sacrifice]
  5696 | D:7      | Reached * piety under Ru
  5698 | Bailey   | Entered a bailey
  6169 | Bailey   | HP: 16/70 [orc warrior/+0 war axe (6)]
  6175 | Bailey   | HP: 15/70 [gnoll/+0 hand axe (5)]
  6257 | Bailey   | Reached skill level 9 in Transmutations
  6257 | Bailey   | Gained mutation: You regenerate magic rapidly. [demonic
                  | ancestry]
  6257 | Bailey   | Reached XP level 10. HP: 42/65 MP: 13/19
  6314 | Bailey   | Found an iron altar of Okawaru.
  6316 | Bailey   | Noticed an orc sorcerer
  6565 | Bailey   | Killed an orc sorcerer
  6566 | Bailey   | Reached skill level 2 in Dodging
  6566 | Bailey   | Reached skill level 7 in Unarmed Combat
  6777 | Bailey   | Noticed a rust devil
  6812 | D:7      | Acquired 843 gold pieces
  6847 | D:7      | Reached skill level 2 in Fighting
  6868 | D:7      | HP: 16/67 [poisoned by a killer bee]
  6870 | D:7      | HP: 6/67 [poisoned by a killer bee]
  6870 | D:7      | Slain by a killer bee

Vanquished Creatures
  A two-headed ogre (D:7)
  An orc sorcerer (Bailey)
  A kobold demonologist (Bailey)
  Sigmund (D:3)
  A wraith (D:5)
  Menkaure (D:4)
  3 water moccasins
  Duvessa (D:5)
  13 orc warriors
  An ice beast (D:5)
  An ogre (D:5)
  A black bear (D:5)
  3 phantoms (D:5)
  3 necrophages
  2 bullfrogs
  3 scorpions (D:5)
  Dowan (D:5)
  4 killer bees (D:7)
  4 electric eels (Bailey)
  6 hounds
  3 jellies
  An orc priest (D:4)
  Ijyb (D:4)
  5 iguanas (D:5)
  Natasha (thrice) (D:4)
  2 orc wizards (D:7)
  6 gnolls
  3 adders
  An ufetubus (D:7)
  2 worms
  4 dart slugs
  28 orcs
  14 endoplasms
  6 giant cockroaches
  13 hobgoblins
  10 jackals
  11 kobolds
  4 quokkas
  3 training dummies (D:4)
  6 ball pythons
  5 bats
  3 frilled lizards
  10 goblins
  3 rats
199 creatures vanquished.

Vanquished Creatures (collateral kills)
  A gnoll bouda (D:4)
  2 orcs (D:4)
  A goblin (Bailey)
4 creatures vanquished.

Vanquished Creatures (others)
  A fungus (D:4)
  15 plants (D:3)
  9 toadstools (D:4)
25 creatures vanquished.

Grand Total: 228 creatures vanquished

Table legend:
 A = Non-vault XP
 B = Vault XP
 C = Vault XP percentage of total XP
 D = Non-vault monster count
 E = Vault monster count
 F = Vault count percentage of total count
                 A         B        C        D         E       F
            +---------+---------+-------+---------+---------+-------
      Total |    3127 |    4709 |  60.1 |     124 |      79 |  38.9
            +---------+---------+-------+---------+---------+-------
        D:1 |      55 |       0 |   0.0 |      29 |       0 |   0.0
        D:2 |      21 |       0 |   0.0 |      11 |       0 |   0.0
        D:3 |      47 |     228 |  82.9 |      17 |       2 |  10.5
        D:4 |     298 |     352 |  54.2 |      26 |      23 |  46.9
        D:5 |     717 |    1310 |  64.6 |      18 |      15 |  45.5
        D:6 |     172 |       0 |   0.0 |       2 |       0 |   0.0
        D:7 |    1817 |       0 |   0.0 |      21 |       0 |   0.0
     Bailey |       0 |    2819 | 100.0 |       0 |      39 | 100.0
            +---------+---------+-------+---------+---------+-------

Illustrated notes

Table legend:
 A = Kills in this place as a percentage of kills in entire the game.
 B = Kills by you in this place as a percentage of kills by you in the entire game.
 C = Kills by friends in this place as a percentage of kills by friends in the entire game.
 D = Other kills in this place as a percentage of other kills in the entire game.
 E = Experience gained in this place as a percentage of experience gained in the entire game.
 F = Experience gained in this place divided by the number of levels of this place that you have seen.
                   A       B       C       D       E      F
               +-------+-------+-------+-------+-------+----------------------
         Total | 100.0 | 100.0 | 100.0 |   N/A | 100.0 | 870.7
       Dungeon |  80.8 |  80.9 |  75.0 |   N/A |  64.0 | 716.7
        Bailey |  19.2 |  19.1 |  25.0 |   N/A |  36.0 | 2819.0
               +-------+-------+-------+-------+-------+----------------------

Table legend: (Time is in decaauts)
 A = Elapsed time spent in this place.
 B = Non-inter-level travel time spent in this place.
 C = Inter-level travel time spent in this place.
 D = Time resting spent in this place.
 E = Time spent auto-exploring this place.
 F = Levels seen in this place.
 G = Mean time per level.
                   A        B        C        D        E       F      G
               +--------+--------+--------+--------+--------+-----+--------+
         Total |   6884 |   6644 |    240 |    521 |   4722 |   9 |  764.9 |
       Dungeon |   5632 |   5463 |    169 |    152 |   4262 |   7 |  804.6 |
        Temple |    144 |     74 |     70 |      0 |     58 |   1 |  144.0 |
        Bailey |   1107 |   1107 |      0 |    369 |    401 |   1 | 1107.0 |
               +--------+--------+--------+--------+--------+-----+--------+

Top non-repeatable levels by time:
     D:4: 1348 daAuts
     D:5: 1237 daAuts
     D:3: 1173 daAuts
  Bailey: 1107 daAuts
     D:1: 982 daAuts
     D:2: 646 daAuts
     D:7: 158 daAuts
  Temple: 144 daAuts
     D:6: 86 daAuts
